 Dungeon Crawl Stone Soup version 0.31.0-11-ge490571c62 (webtiles) character file.

Game seed: 17536374262220182650

2103 qw the Nimble (level 9, -13/44 HPs)
             Began as a Spriggan Hunter on Feb 3, 2024.
             Was a Believer of Okawaru.
             Mangled by a komodo dragon (31 damage)
             ... on level 7 of the Dungeon.
             The game lasted 00:00:32 (5999 turns).

qw the Nimble (Spriggan Hunter)                     Turns: 5999, Time: 00:00:33

Health: -13/44     AC:  3    Str:  7    XL:     9   Next: 7%
Magic:  12/13      EV: 31    Int: 11    God:    Okawaru [**....]
Gold:   444        SH:  0    Dex: 22    Spells: 8/8 levels left

rFire   . . .        a - +1 shortbow
rCold   . . .        (shield currently unavailable)
rNeg    . . .        h - +1 robe {Will+}
rPois   .            (helmet restricted)
rElec   .            (no cloak)
rCorr   .            (gloves unavailable)
SInv    +            (boots unavailable)
Will    ++...        (no amulet)
Stlth   ++++         (no ring)
HPRegen 0.27/turn    (no ring)
MPRegen 0.13/turn

%: no passive effects
@: heroic, very quick
A: very small, no large weapons, unfitting armour, see invisible, speed 3
a: Renounce Religion, Heroism


You were on level 7 of the Dungeon.
You worshipped Okawaru.
Okawaru was pleased with you.
You visited 2 branches of the dungeon, and saw 8 of its levels.
You also visited: Ossuary.

You collected 444 gold pieces.


Innate Abilities, Weirdness & Mutations

You are very small and have problems with some larger weapons.
You are too small for most types of armour.
You have supernaturally acute eyesight. (SInv)
You cover ground extremely quickly. (Speed+++)


   Skills:
 - Level 3.4(8.4) Fighting
 + Level 9.1(14.1) Ranged Weapons
 - Level 9.1(14.1) Dodging
 - Level 1.5(6.5) Stealth
 - Level 4.0 Invocations


You had 8 spell levels left.
You didn't know any spells.
Your spell library was empty.

Inventory:

Hand Weapons
 a - a +1 shortbow (weapon)
Armour
 h - a +1 robe of willpower (worn)
Wands
 f - a wand of mindburst (19)
 k - a wand of polymorph (19)
Scrolls
 b - 3 scrolls of teleportation
Potions
 c - 3 potions of heal wounds
 d - a potion of ambrosia {unknown}
 e - a potion of enlightenment
 g - 8 potions of curing
 i - a potion of lignification {unknown}
 j - a potion of magic {unknown}
 l - a potion of brilliance {unknown}
 m - a potion of might {unknown}
 n - a potion of mutation {unknown}

Dungeon Overview and Level Annotations

Branches:
Dungeon (7/15)             Temple (1/1) D:4         Ossuary (visited)

Altars:
Ashenzari
Cheibriados
Dithmenos
Elyvilon
Fedhas
Gozag
Hepliaklqana
Kikubaaqudgha
Makhleb
Nemelex Xobeh
Okawaru
Qazlal
Ru
Sif Muna
Trog
Uskayaw
Wu Jian
Xom
Yredelemnul
Zin
The Shining One

Annotations:
D:4 2 runed translucent doors, qw's ghost, amateur SpHu


Message History

Okawaru accepts your kill.
The frilled lizard hisses.
The frilled lizard misses you.
5990 ||| INVOKING Heroism.
You gain the combat prowess of a mighty hero.
The frilled lizard completely misses you.
The komodo dragon completely misses you.
You shoot an arrow.
The arrow barely misses the komodo dragon.
The frilled lizard completely misses you.
You shoot an arrow.
The arrow hits the komodo dragon but does no damage.
The komodo dragon hisses menacingly.
The komodo dragon completely misses you.
The frilled lizard completely misses you.
You shoot an arrow.
The arrow closely misses the komodo dragon.
The komodo dragon misses you.
You shoot an arrow.
The arrow hits the komodo dragon but does no damage.
The frilled lizard completely misses you.
You shoot an arrow.
The arrow hits the komodo dragon but does no damage.
The komodo dragon completely misses you.
The frilled lizard hisses.
The frilled lizard misses you.
You shoot an arrow. The arrow hits the komodo dragon!
The komodo dragon is moderately wounded.
The komodo dragon completely misses you.
You shoot an arrow.
The arrow barely misses the komodo dragon.
The frilled lizard completely misses you.
You shoot an arrow. The arrow hits the komodo dragon!
The komodo dragon is heavily wounded.
The komodo dragon misses you. The frilled lizard misses you.
You shoot an arrow. The arrow hits the komodo dragon.
The komodo dragon is severely wounded.
The komodo dragon bites you!!
Ouch! That really hurt!
You die... #...# .# #...# .lP

####...##llP.
#.......#l.ll###
#.$.....P.. #.## #.#
#........ ###..## ...
#.#....#####.....## ##.
#.....l##.........####..
#.....l@'.........'.....
#....####.........####..
###.# ##.......## #...
#. ##.....## ##.. ..
##...## ##. ## ##+## #.
##


You could see a komodo dragon and a frilled lizard.

Vanquished Creatures
  Sigmund (D:2)
  A water moccasin (D:5)
  An ice beast (D:7)
  4 ogres
  2 phantoms
  A weeping skull (Ossuary)
  An elf zombie (Ossuary)
  A bullfrog (D:6)
  A scorpion (D:5)
  A water moccasin skeleton (D:3)
  2 orc priests
  A centaur zombie (D:3)
  2 hounds
  4 jellies
  3 sleepcaps (D:5)
  A spectral scorpion (Ossuary)
  A human zombie (Ossuary)
  Terence (D:3)
  4 iguanas
  3 orc wizards
  A scorpion zombie (D:3)
  A crocodile zombie (Ossuary)
  A hound skeleton (D:3)
  3 mummies (Ossuary)
  Robin (D:3)
  6 gnolls
  6 adders
  2 ufetubi (D:7)
  5 adder zombies
  2 dart slugs (D:1)
  7 orcs
  6 endoplasms
  2 giant cockroaches
  2 gnoll zombies (Ossuary)
  12 goblins
  6 hobgoblins
  7 jackals (D:1)
  7 kobolds
  5 quokkas
  11 ball pythons
  A ball python skeleton (D:3)
  6 ball python zombies (Ossuary)
  9 bats
  10 frilled lizards
  5 jackal zombies (Ossuary)
  3 kobold zombies (Ossuary)
  3 orc zombies (Ossuary)
  3 rats (D:1)
169 creatures vanquished.

Notes
Turn   | Place    | Note
-------+----------+-------------------------------------------
     0 | D:1      | qw the Spriggan Hunter began the quest for the Orb.
     0 | D:1      | Reached XP level 1. HP: 10/10 MP: 2/2
     0 | D:1      | 0 ||| qw: Version: 0.3-a-157-g843a77d
     0 | D:1      | 0 ||| qw: Game counter: 3592
     0 | D:1      | 0 ||| qw: Melee chars always use a shield: true
     0 | D:1      | 0 ||| qw: God list: Okawaru
     0 | D:1      | 0 ||| qw: Allow faded altars: false
     0 | D:1      | 0 ||| qw: Do Orc after clearing Dungeon:15 true
     0 | D:1      | 0 ||| qw: Do second Lair branch before Depths: true
     0 | D:1      | 0 ||| qw: Lair rune preference: random
     0 | D:1      | 0 ||| qw: Goals: Normal
     0 | D:1      | 0 ||| PLANNING D:1-11
    38 | D:1      | Reached skill level 3 in Dodging
    75 | D:1      | 75 ||| RETREEEEATING.
    80 | D:1      | Reached XP level 2. HP: 14/14 MP: 3/3
   491 | D:1      | Reached XP level 3. HP: 18/18 MP: 4/4
   697 | D:1      | 697 ||| READING 2 scrolls labelled EHIUJI NOISMIU.
   698 | D:1      | 698 ||| DROPPING scroll of butterflies.
   824 | D:2      | 824 ||| STAIRDANCE
  1222 | D:2      | 1222 ||| RETREEEEATING.
  1225 | D:2      | Noticed Sigmund
  1227 | D:2      | Reached XP level 4. HP: 20/22 MP: 5/5
  1228 | D:2      | 1228 ||| RETREEEEATING.
  1241 | D:2      | HP: 4/22 [Sigmund/magic dart (8)]
  1242 | D:2      | Killed Sigmund
  1243 | D:2      | Reached XP level 5. HP: 4/25 MP: 6/6
  1365 | D:2      | Reached XP level 6. HP: 30/30 MP: 7/7
  1444 | D:2      | Found a basalt altar of Yredelemnul.
  1531 | D:2      | 1531 ||| READING 3 scrolls of identify.
  1531 | D:2      | 1531 ||| IDENTIFYING pink potion
  1532 | D:2      | 1532 ||| READING 2 scrolls of identify.
  1532 | D:2      | 1532 ||| IDENTIFYING scroll labelled AXAKACZAIPH
  1560 | D:3      | 1560 ||| STAIRDANCE
  1565 | D:3      | 1565 ||| STAIRDANCE
  1684 | D:3      | Found a sacrificial altar of Ru.
  1755 | D:3      | Noticed Terence
  1756 | D:3      | 1756 ||| RETREEEEATING.
  1772 | D:3      | Killed Terence
  1782 | D:3      | Reached skill level 6 in Ranged Weapons
  1953 | D:3      | Noticed Robin
  1971 | D:3      | Killed Robin
  2084 | D:3      | Found a hide-covered altar of Uskayaw.
  2084 | D:3      | Found a stormy altar of Qazlal.
  2094 | D:3      | Found a sparkling altar of Nemelex Xobeh.
  2097 | D:3      | Found a shadowy altar of Dithmenos.
  2099 | D:3      | Found a hazy altar of Hepliaklqana.
  2331 | D:3      | 2331 ||| UPGRADING to +1 robe of willpower.
  2341 | D:3      | 2341 ||| DROPPING +0 robe.
  2342 | D:3      | 2342 ||| READING scroll of identify.
  2342 | D:3      | 2342 ||| IDENTIFYING lumpy grey potion
  2343 | D:3      | 2343 ||| READING scroll labelled TAIL HYGATSI.
  2343 | D:3      | 2343 ||| ENCHANTING +0 shortbow.
  2414 | D:4      | Reached XP level 7. HP: 35/35 MP: 8/8
  2845 | D:4      | Found a staircase to the Ecumenical Temple.
  2846 | D:4      | 2846 ||| PLANNING TEMPLE
  2846 | D:4      | 2846 ||| READING 2 scrolls labelled RINIYG YKIBBI.
  2847 | D:4      | 2847 ||| READING scroll labelled PEDAILAUCW.
  2848 | D:4      | 2848 ||| DROPPING scroll of amnesia.
  2856 | Temple   | Entered the Ecumenical Temple
  2857 | Temple   | 2857 ||| PLANNING OKAWARU WORSHIP
  2871 | Temple   | Became a worshipper of Warmaster Okawaru
  2872 | Temple   | 2872 ||| PLANNING D:1-11
  2941 | D:4      | Found a large runed translucent door.
  2941 | D:4      | Found a large runed translucent door.
  2945 | D:4      | Noticed qw's ghost (amateur SpHu)
  3404 | D:5      | Entered Level 5 of the Dungeon
  3816 | D:5      | Reached skill level 3 in Fighting
  3816 | D:5      | Reached XP level 8. HP: 40/40 MP: 9/9
  3924 | D:5      | Reached * piety under Okawaru
  4058 | D:5      | HP: 9/40 [poisoned by a water moccasin]
  4059 | D:5      | 4059 ||| READING 4 scrolls of teleportation.
  4061 | D:5      | Reached skill level 1 in Invocations
  4063 | D:5      | HP: 4/40 [poisoned by a water moccasin]
  4420 | D:5      | 4420 ||| DROPPING +6 ring of intelligence.
  4421 | D:5      | 4421 ||| READING 2 scrolls of identify.
  4421 | D:5      | 4421 ||| IDENTIFYING red potion
  4422 | D:5      | 4422 ||| READING scroll of identify.
  4422 | D:5      | 4422 ||| IDENTIFYING lumpy red potion
  4423 | D:5      | 4423 ||| DROPPING potion of attraction.
  4456 | D:6      | 4456 ||| PLANNING OSSUARY
  4609 | D:6      | Identified the +9 spear of Zin's Outrage {venom, Dex+3}
  4688 | D:6      | Found a blossoming altar of Fedhas.
  4983 | D:6      | Found a sand-covered staircase.
  4984 | D:6      | 4984 ||| READING scroll labelled HUGUME ESIVO.
  4985 | D:6      | 4985 ||| READING scroll labelled XITHRA YRHAECAS.
  4994 | Ossuary  | Entered an ossuary
  5063 | Ossuary  | Reached skill level 3 in Invocations
  5370 | Ossuary  | 5370 ||| READING scroll labelled ALOGACZ RAPH.
  5371 | Ossuary  | 5371 ||| READING scroll labelled CIJEHEHEUQ.
  5482 | D:6      | 5482 ||| PLANNING D:1-11
  5513 | D:6      | Reached skill level 9 in Ranged Weapons
  5682 | D:7      | Reached ** piety under Okawaru
  5936 | D:7      | Noticed a komodo dragon
  5937 | D:7      | 5937 ||| RETREEEEATING.
  5938 | D:7      | 5938 ||| RETREEEEATING.
  5948 | D:7      | Reached skill level 9 in Dodging
  5948 | D:7      | Reached XP level 9. HP: 27/44 MP: 13/13
  5990 | D:7      | 5990 ||| INVOKING Heroism.
  5999 | D:7      | Mangled by a komodo dragon

Levels and vault maps discovered:
D:1:      amcnicky_arrival_underground_garden, layout_basic
D:2:      cheibrodos_pilgrimage, layout_loops_cross, basic_altar, uniq_sigmund
D:3:      layout_basic, nicolae_overflow_hallway_of_the_gods, serial_undead,
          serial_undead_e, serial_undead_d, serial_undead_c, serial_undead_c,
          st_stairs_2, uniq_robin, uniq_terence
D:4:      layout_basic, minmay_temple_entry_statues_pillars,
          ebering_ghost_disaster_area, minmay_misc_feat_secret_circle,
          minmay_misc_feat_chi
D:5:      layout_cave_pods, minmay_a_box_with_orc_wizards_in_it
D:6:      layout_loops_ring, fedhas_ov_isle_minmay,
          mainiacjoe_ossuary_entry_dusty_tomb, hex_tiny, minmay_misc_feat_tiny
D:7:      layout_loops_corners, minmay_lizard_king
Temple:   nicolae_temple_bog_church

Skill      XL: |  1  2  3  4  5  6  7  8 |
---------------+-------------------------+-----
Dodging        | 3 4 7 9 |  9.1
Ranged Weapons | 5 6 8 9 |  9.1
Fighting       | 2 3 |  3.4
Invocations    | 4 |  4.0
Stealth        | |  1.5

Action                     |  1- 3 |  4- 6 |  7- 9 || total
---------------------------+-------+-------+-------++-------
   Fire: Shortbow          |   103 |   162 |   387 ||   652
 Invoke: Heroism           |       |       |     1 ||     1
    Use: Scroll            |     1 |     4 |     9 ||    14
 Armour: Robe              |     9 |    33 |    39 ||    81
  Dodge: Dodged            |    27 |   147 |   140 ||   314

Table legend:
 A = Non-vault XP
 B = Vault XP
 C = Vault XP percentage of total XP
 D = Non-vault monster count
 E = Vault monster count
 F = Vault count percentage of total count
                 A         B        C        D         E       F
            +---------+---------+-------+---------+---------+-------
      Total |    1929 |    1076 |  35.8 |     105 |      64 |  37.9
            +---------+---------+-------+---------+---------+-------
        D:1 |      67 |       0 |   0.0 |      31 |       0 |   0.0
        D:2 |      97 |     265 |  73.2 |      23 |       5 |  17.9
        D:3 |      26 |     245 |  90.4 |       9 |      19 |  67.9
        D:4 |     260 |       0 |   0.0 |      15 |       0 |   0.0
        D:5 |     838 |      71 |   7.8 |      14 |       2 |  12.5
        D:6 |     290 |       0 |   0.0 |       5 |       0 |   0.0
        D:7 |     351 |     111 |  24.0 |       8 |       7 |  46.7
    Ossuary |       0 |     384 | 100.0 |       0 |      31 | 100.0
            +---------+---------+-------+---------+---------+-------
